 Dungeon Crawl Stone Soup version 0.20-a0-1086-g4bd2f5b (webtiles) character file.

789 Monsterracer the Destroyer (level 7, -5/38 HPs)
             Began as a Deep Elf Conjurer on May 1, 2017.
             Was a Believer of Vehumet.
             Slain by an ogre
             ... wielding a +0 giant club
              (19 damage)
             ... on level 5 of the Dungeon.
             The game lasted 00:20:33 (5774 turns).

Monsterracer the Destroyer (Deep Elf Conjurer)      Turns: 5774, Time: 00:20:34

Health: -5/38      AC:  5    Str:  5    XL:     7   Next: 56%
Magic:  7/17       EV: 14    Int: 22    God:    Vehumet [**....]
Gold:   216        SH:  0    Dex: 15    Spells: 1/17 levels left

rFire    . . .     SeeInvis .   y - +3 mace (protect)
rCold    + . .     Gourm    .   (no shield)
rNeg     . . .     Faith    +   a - +0 robe
rPois    .         Spirit   .   f - +1 hat
rElec    .         Reflect  .   (no cloak)
rCorr    .         Harm     .   t - +1 pair of gloves
MR       .....                  (no boots)
Stlth    ++........             A - amulet of faith
Regen    0.2/turn               r - ring of protection from cold
MPRegen  0.2/turn               (no ring)

@: very slightly contaminated
A: no striking features
a: Renounce Religion


You were on level 5 of the Dungeon.
You worshipped Vehumet.
Vehumet was pleased with you.
You were not hungry.

You visited 2 branches of the dungeon, and saw 6 of its levels.
You also visited: Sewer and Ossuary.

You collected 216 gold pieces.

Inventory:

Hand Weapons
 y - a +3 mace of protection (weapon)
Armour
 a - a +0 robe (worn)
 f - a +1 hat (worn)
 t - a +1 pair of gloves (worn)
Jewellery
 r - a ring of protection from cold (left hand)
 A - an amulet of faith (around neck)
Wands
 o - a wand of disintegration (15/24)
Scrolls
 d - 3 scrolls of identify
 e - 2 scrolls of blinking
 i - 3 scrolls of remove curse
 j - 5 scrolls of teleportation {unknown}
 l - a scroll of enchant weapon
Potions
 b - a potion of ambrosia
 h - 3 potions of heal wounds
 m - a potion of curing
 n - a potion of agility
 s - a potion of brilliance
 v - a potion of might
 w - a potion of haste
Books
 q - a book of Minor Magic

   Spells                             Type                      Level
   a - Magic Dart                     Conjuration                  1
   b - Blink                          Translocation                2
   c - Call Imp                       Summoning                    2
   d - Slow                           Hexes                        2
   e - Conjure Flame                  Conjuration/Fire             3
   f - Mephitic Cloud                 Conjuration/Poison/Air       3
Comestibles
 c - 3 bread rations
 g - a meat ration


   Skills:
 + Level 1.4 Fighting
 + Level 1.3 Maces & Flails
 + Level 3.5 Dodging
 - Level 2.4 Stealth
 + Level 5.6 Spellcasting
 * Level 8.0 Conjurations
 - Level 3.0 Hexes


You had one spell level left.
You knew the following spells:

 Your Spells              Type           Power        Failure   Level  Hunger
a - Magic Dart            Conj           ####         1%          1    None
b - Searing Ray           Conj           #####.       1%          2    None
c - Fulminant Prism       Conj/Hex       ####......   10%         4    ####...
d - Force Lance           Conj/Tloc      ###.....     19%         4    ####...
e - Blink                 Tloc           N/A          14%         2    None
f - Mephitic Cloud        Conj/Pois/Air  ###.....     10%         3    ##.....


Dungeon Overview and Level Annotations

Branches:
Dungeon (5/15)             Temple (1/1) D:5

Altars:
Dithmenos
Fedhas
Kikubaaqudgha
Makhleb
Nemelex Xobeh
Okawaru
Ru
Trog
Uskayaw
Vehumet
Zin
The Shining One


Message History

You miscast Force Lance.
You are very lightly contaminated with residual magic.
Strange energies run through your body.
You are starving!
You eat the royal jelly.
That royal jelly was delicious!
The ogre closely misses you.
Casting: Force Lance
Confirm with . or Enter, or press ? or * to list all spells.
Aiming: Searing Ray
Press: ? - help, Shift-Dir - straight line, f/p - ogre
Aim: an ogre, wielding a giant club (heavily wounded)
The searing ray hits the ogre.
The ogre is severely wounded. (Press . to maintain the ray.)
The ogre hits you with a giant club!
The searing ray hits the ogre.
The ogre is almost dead.
The scorpion stings you. The ogre hits you with a giant club!!
Ouch! That really hurt!
You die...

#.################
#..s@O...........# #.#
######.#########.#
<............# #.#
#.##########...# #.# #.# ###
.#.# #.# #.###.## ###+#####.#
#########.##.#.## #.....#...#
#.........#.###.####.⌠.⌠.#.###
#.##.......## ##...'..>....#


You could see an ogre and a scorpion.

Vanquished Creatures
  5 elf zombies (Ossuary)
  A jelly (D:5)
  2 human zombies (Ossuary)
  A hound (D:4)
  3 orc priests
  An orc wizard (D:5)
  A big kobold zombie (Ossuary)
  A hound zombie (D:5)
  2 mummies (Ossuary)
  A gnoll (D:1)
  An adder (D:2)
  2 oozes
  An adder skeleton (D:4)
  3 worms (D:3)
  A dart slug (D:2)
  3 leopard geckos (D:3)
  10 orcs
  5 giant cockroaches
  6 goblins
  2 hobgoblins
  10 jackals
  5 ball pythons (Sewer)
  5 bats
  7 frilled lizards
  A goblin zombie (Ossuary)
  10 hobgoblin zombies (Ossuary)
  6 kobolds
  11 kobold zombies (Ossuary)
  A leopard gecko skeleton (D:4)
  7 orc zombies (Ossuary)
  A quokka skeleton (D:5)
  7 rats
123 creatures vanquished.

Vanquished Creatures (others)
  2 fulminant prisms (Ossuary)
  A plant (Sewer)
3 creatures vanquished.

Grand Total: 126 creatures vanquished

Notes
Turn   | Place    | Note
-------+----------+-------------------------------------------
     0 | D:1      | Monsterracer the Deep Elf Conjurer began the quest for the Orb.
     0 | D:1      | Reached XP level 1. HP: 10/10 MP: 6/6
   334 | D:1      | Reached XP level 2. HP: 15/15 MP: 1/8
   338 | D:1      | Learned a level 2 spell: Searing Ray
   552 | D:2      | Reached skill level 5 in Conjurations
   701 | D:2      | Reached XP level 3. HP: 19/19 MP: 7/10
  1711 | D:3      | Reached XP level 4. HP: 20/24 MP: 3/12
  1718 | D:3      | Learned a level 4 spell: Iskenderun's Mystic Blast
  1723 | D:3      | Learned a level 4 spell: Force Lance
  1751 | D:3      | Found a glowing drain.
  1771 | Sewer    | Entered a sewer
  3128 | D:4      | Learned a level 4 spell: Fulminant Prism
  3178 | D:4      | Reached skill level 6 in Conjurations
  3412 | D:4      | Reached skill level 1 in Hexes
  3591 | D:4      | Reached XP level 5. HP: 28/28 MP: 6/13
  3680 | D:5      | Entered Level 5 of the Dungeon
  3918 | D:5      | Found a staircase to the Ecumenical Temple.
  3939 | D:5      | Reached skill level 7 in Conjurations
  3939 | D:5      | Reached XP level 6. HP: 30/32 MP: 4/15
  4006 | Temple   | Entered the Ecumenical Temple
  4016 | Temple   | Became a worshipper of Vehumet
  4167 | D:5      | Found a sand-covered staircase.
  4179 | Ossuary  | Entered an ossuary
  4183 | Ossuary  | Learned a level 2 spell: Blink
  4471 | Ossuary  | Reached skill level 5 in Spellcasting
  4474 | Ossuary  | Reached * piety under Vehumet
  4474 | Ossuary  | Offered knowledge of Sting by Vehumet.
  4955 | Ossuary  | Reached XP level 7. HP: 27/37 MP: 2/16
  5079 | Ossuary  | Reached skill level 1 in Maces & Flails
  5085 | Ossuary  | Reached skill level 1 in Fighting
  5358 | Ossuary  | Learned a level 3 spell: Mephitic Cloud
  5469 | Ossuary  | Reached skill level 8 in Conjurations
  5476 | Ossuary  | Reached ** piety under Vehumet
  5774 | D:5      | Slain by an ogre

Vault maps used:
D:1:      minmay_arrival_pointy, minmay_misc_feat_secret_circle
D:3:      nicolae_overflow_hidden_temple, gup_sewer_entry_bowl
D:5:      minmay_temple_entry_hall, first_bread, nicolae_ossuary_entry_ruins,
          minmay_lizard_king
Temple:   nicolae_temple_x_marks_the_god
Sewer:    sewer_co_scattered_pipes
Ossuary:  ossuary_tomb_1

Skill      XL: |  1  2  3  4  5  6  7 |
---------------+----------------------+-----
Conjurations   | 5 6 7 8 |  8.0
Spellcasting   | 4 5 |  5.6
Hexes          | 1 2 3 |  3.0
Dodging        | 3 |  3.5
Maces & Flails | 1 |  1.3
Fighting       | 1 |  1.4
Stealth        | |  2.4

Action                   |  1- 3 |  4- 6 |  7- 9 || total
-------------------------+-------+-------+-------++-------
Melee: Mace              |     1 |    30 |    13 ||    44
 Cast: Magic Dart        |    58 |   162 |    43 ||   263
       Searing Ray       |     3 |    13 |     6 ||    22
       Fulminant Prism   |       |       |     2 ||     2
       Force Lance       |       |       |     1 ||     1
  Use: Potion            |     7 |     3 |     2 ||    12
       Scroll            |     1 |    10 |     1 ||    12
  Eat: Chunk             |     2 |     7 |       ||     9
       Royal jelly       |       |     1 |     1 ||     2
       Fruit             |       |     1 |     2 ||     3
Armor: Robe              |     1 |     9 |     7 ||    17
Dodge: Dodged            |     2 |    22 |    20 ||    44
